 Dungeon Crawl Stone Soup version 0.17.0-15-g6d90897 (webtiles) character file.

357 septik the Insei (level 6, -1/38 HPs)
             Began as an Octopode Transmuter on Nov 10, 2015.
             Slain by an ogre
             ... wielding a cursed -3 giant club
              (28 damage)
             ... on level 4 of the Dungeon.
             The game lasted 00:15:38 (4065 turns).

septik the Insei (Octopode Transmuter)              Turns: 4065, Time: 00:15:39

Health: -1/38      AC:  1    Str: 13    XL:     6   Next: 64%
Magic:  9/9        EV: 12    Int: 15    God:
Gold:   166        SH:  0    Dex: 14    Spells: 2 memorised, 5 levels left

rFire  + . .     SeeInvis .       - Unarmed
rCold  . . .     Clarity  .     (no shield)
rNeg   . . .     SustAt   .     (helmet restricted)
rPois  .         Gourm    .     (no amulet)
rElec  .         Spirit   .     n - ring of fire
rCorr  .         Warding  .     p - ring of protection from cold
rMut   .         Stasis   .     s - +3 ring of strength
MR     .....                    w - ring of wizardry
Stlth  ++........               (no ring)
                                (no ring)
                                (no ring)
                                (no ring)

@: not resistant to hostile enchantments, unstealthy
A: almost no armour, amphibious, 8 rings, constrict 8, camouflage 1, gelatinous
body 1
a: no special abilities


You were on level 4 of the Dungeon.
You were not hungry.

You visited 1 branch of the dungeon, and saw 4 of its levels.

You collected 166 gold pieces.

Inventory:

Missiles
 a - 28 arrows
 d - 181 stones (quivered)
 j - 45 sling bullets
Jewellery
 n - a ring of fire (left tentacle)
 p - a ring of protection from cold (right tentacle)
 s - a +3 ring of strength (on tentacle)
 w - a ring of wizardry (on tentacle)
Scrolls
 f - 3 scrolls of identify {unknown}
 g - 3 scrolls of amnesia {unknown}
 h - 4 scrolls of noise {unknown}
 l - a scroll of immolation {unknown}
 o - a scroll of blinking {unknown}
 u - 2 scrolls of remove curse {unknown}
 v - a scroll of enchant armour {unknown}
 B - a scroll of teleportation {unknown}
Potions
 e - a potion of brilliance {unknown}
 k - 2 potions of magic {unknown}
 m - a potion of invisibility {unknown}
 q - 2 potions of ambrosia {unknown}
 r - a potion of mutation {unknown}
 x - a potion of poison {unknown}
 z - a potion of agility {unknown}
Books
 b - a book of Changes

   Spells                             Type                      Level
   a - Beastly Appendage              Transmutation                1
   b - Sticks to Snakes               Transmutation                2
   c - Spider Form                    Transmutation/Poison         3
   d - Ice Form                       Ice/Transmutation            4
   e - Blade Hands                    Transmutation                5
 y - a book of Maledictions

   Spells                             Type                      Level
   a - Corona                         Hexes                        1
   b - Ensorcelled Hibernation        Hexes/Ice                    2
   c - Confuse                        Hexes                        3
   d - Tukima's Dance                 Hexes                        3
   e - Dazzling Spray                 Conjuration/Hexes            3
Comestibles
 c - 3 bread rations
 i - 2 meat rations
 t - a beef jerky
 A - a chunk of flesh


   Skills:
 - Level 1.0 Fighting
 - Level 2.0 Dodging
 * Level 5.3 Unarmed Combat
 - Level 2.0 Spellcasting
 + Level 4.5 Transmutations
 - Level 2.5 Poison Magic


You had 5 spell levels left.
You knew the following spells:

 Your Spells              Type           Power        Failure   Level  Hunger
a - Beastly Appendage     Trmt           ###...       1%          1    #......
b - Spider Form           Trmt/Pois      ##........   7%          3    ###....


Dungeon Overview and Level Annotations

Branches:
Dungeon (4/15)
 Temple: D:4-7

Altars:
Fedhas
Sif Muna
Trog


Innate Abilities, Weirdness & Mutations

You cannot wear most types of armour.
You are amphibious.
You can wear up to eight rings at the same time.
You can use your tentacles to constrict eight enemies at once.
Your skin changes colour to match your surroundings (Stealth).
Your rubbery body absorbs attacks (AC +1).


Message History

You barely miss the giant gecko. Your grab misses the giant gecko.
You squeeze the giant gecko.
The giant gecko is almost dead.
The giant gecko barely misses you.
You tentacle-slap the giant gecko.
You kill the giant gecko!
The ogre closely misses you.
You tentacle-slap the ogre.
The ogre is lightly wounded.
The ogre barely misses you.
You tentacle-slap the ogre but do no damage.
The ogre is lightly wounded.
You tentacle-slap the ogre but do no damage.
The ogre is lightly wounded.
The ogre barely misses you.
You tentacle-slap the ogre. Your squeeze misses the ogre.
The ogre is moderately wounded.
The ogre hits you with a giant club!!
Ouch! That really hurt!
You die...

####.........###
##..............##### # ###
##...................# # #_#
##..................### #
##'###....................#
#
#...##....................#
#...##....................#
#...###...................##
#...# ##.....@O............#
#...# ##.................##
#...# ##...........>.<.##
#...#### #.............###
#...#..###.#..........##
###...#...#..###......###
##.#...#.....## ######## ###
#..#...#.....## ###.##
#.............# ##....#


You could see an ogre.

Vanquished Creatures
  2 scorpions (D:4)
  2 hounds
  A worker ant (D:4)
  3 gnolls (D:4)
  4 adders
  2 oozes
  2 worms (D:4)
  4 giant geckos
  4 orcs
  A ball python (D:3)
  7 bats
  10 goblins
  7 hobgoblins
  12 kobolds
  A quokka (D:4)
  4 giant cockroaches
  5 giant newts
  11 rats
82 creatures vanquished.

Notes
Turn   | Place    | Note
--------------------------------------------------------------
     0 | D:1      | septik the Octopode Transmuter began the quest for the Orb.
     0 | D:1      | Reached XP level 1. HP: 13/13 MP: 3/3
    68 | D:1      | Reached XP level 2. HP: 12/18 MP: 5/5
   873 | D:1      | Reached XP level 3. HP: 23/23 MP: 3/6
   911 | D:1      | Reached skill level 4 in Unarmed Combat
   911 | D:1      | Reached XP level 4. HP: 24/28 MP: 4/7
  1743 | D:3      | Learned a level 3 spell: Spider Form
  1895 | D:3      | Reached skill level 1 in Poison Magic
  2159 | D:3      | Reached XP level 5. HP: 33/33 MP: 8/8
  2395 | D:3      | Found a bloodstained altar of Trog.
  3427 | D:4      | Reached XP level 6. HP: 23/38 MP: 7/9
  3567 | D:4      | Found a blossoming altar of Fedhas.
  3579 | D:4      | Reached skill level 5 in Unarmed Combat
  3914 | D:4      | Found a deep blue altar of Sif Muna.
  4065 | D:4      | Slain by an ogre

Action                   |  1- 3 |  4- 6 || total
-------------------------+-------+-------++-------
Melee: Unarmed           |    59 |   140 ||   199
Throw: Stone             |       |     5 ||     5
 Cast: Beastly Appendage |     6 |    21 ||    27
 Stab: Sleeping          |       |     6 ||     6
  Eat: Chunk             |       |    10 ||    10
